 Dungeon Crawl Stone Soup version 0.32-a0-931-g5a2cda0630 (webtiles) character file.

Game seed: 1779544551269443327

60 horus123 the Conjurer (level 3, -1/24 HPs)
             Began as a Demonspawn Hedge Wizard on Apr 14, 2024.
             Killed from afar by an orc wizard (3 damage)
             ... with a magic dart
             ... on level 3 of the Dungeon.
             The game lasted 00:02:59 (2491 turns).

horus123 the Conjurer (Demonspawn Hedge Wizard)     Turns: 2491, Time: 00:02:59

Health: -1/24      AC:  2    Str: 10    XL:     3   Next: 82%
Magic:  1/7        EV: 16    Int: 16    God:
Gold:   119        SH:  0    Dex: 12    Spells: 2/8 levels left

rFire   . . .        q - +0 long sword
rCold   . . .        (no shield)
rNeg    . . .        b - +0 robe
rPois   .            c - +0 hat
rElec   .            (no cloak)
rCorr   .            (no gloves)
SInv    .            (no boots)
Will    .....        (no amulet)
Stlth   ++           e - ring of wizardry
HPRegen 0.24/turn    i - +5 ring of evasion
MPRegen 0.10/turn

%: wizardry (x1)
@: no status effects
A: antennae 1
a: no special abilities


You were on level 3 of the Dungeon.
You visited 1 branch of the dungeon, and saw 3 of its levels.

You collected 119 gold pieces.

Inventory:

Hand Weapons
 q - a +0 long sword (weapon)
Armour
 b - a +0 robe (worn)
 c - a +0 hat (worn)
Jewellery
 e - a ring of wizardry (left hand)
 i - a +5 ring of evasion (right hand)
Wands
 l - a wand of mindburst (6)
Scrolls
 g - a scroll of noise {unknown}
 h - a scroll of teleportation {unknown}
 j - a scroll of enchant weapon {unknown}
 m - a scroll of vulnerability {unknown}
 n - 3 scrolls of amnesia {unknown}
 o - 2 scrolls of identify {unknown}
Potions
 d - a potion of magic
 f - 2 potions of heal wounds {unknown}
 k - a potion of curing {unknown}
 p - 2 potions of ambrosia {unknown}


   Skills:
 - Level 1.7 Dodging
 - Level 1.7 Stealth
 - Level 3.0 Spellcasting
 + Level 3.8 Conjurations
 - Level 1.0 Summonings
 - Level 0.8 Translocations


You had 2 spell levels left.
You knew the following spells:

 Your Spells              Type           Power      Damage    Failure   Level
a - Magic Dart            Conj           56%        1d5       1%          1
b - Call Imp              Summ           10%        N/A       8%          2
c - Blink                 Tloc           10%        N/A       9%          2
d - Slow                  Hex            8%         N/A       8%          1

Your spell library contained the following spells:

 Spells                   Type           Power      Damage    Failure   Level
 Cigotuvi's Dreadful Rot  Necr/Alch/Air  4%         N/A       12%         2
 Mephitic Cloud           Conj/Alch/Air  6%         N/A       13%         3


Dungeon Overview and Level Annotations

Branches:
Dungeon (3/15)

Altars:


Innate Abilities, Weirdness & Mutations

You have a pair of small antennae on your head.


Message History

The magic dart hits something.
Something hits you.
Unknown command.
Aiming: Magic Dart (safe; 1% risk of failure)
Press: ? - help, Q - select action, (/) - cycle Shift-Dir - straight line, f/p - orc
Aim: an orc, wielding a +0 club and wearing a +0 leather armour (100% to hit)
The magic dart hits something.
Something hits you.
Unknown command.
Aiming: Magic Dart (safe; 1% risk of failure)
Press: ? - help, Q - select action, (/) - cycle Shift-Dir - straight line, f/p - orc
Aim: an orc, wielding a +0 club and wearing a +0 leather armour (100% to hit)
The magic dart hits something.
Unknown command.
Aiming: Magic Dart (safe; 1% risk of failure)
Press: ? - help, Q - select action, (/) - cycle Shift-Dir - straight line, f/p - orc
Aim: an orc, wielding a +0 club and wearing a +0 leather armour (100% to hit)
The magic dart hits the orc.
The orc is lightly wounded.
Something hits you.
* * * LOW HITPOINT WARNING * * *
The orc misses you.
Aiming: Magic Dart (safe; 1% risk of failure)
Press: ? - help, Q - select action, (/) - cycle Shift-Dir - straight line, f/p - orc
Aim: an orc, wielding a +0 club and wearing a +0 leather armour (lightly wounded, 100% to hit)
The magic dart hits the orc.
The orc is moderately wounded.
Something hits you but does no damage. The orc closely misses you.
Unknown command.
You slash the orc!
You kill the orc!
Something hits you.
* * * LOW HITPOINT WARNING * * *
Something hits you.
* * * LOW HITPOINT WARNING * * *
You miss something.
You hear some strange, mumbled words.
A magic dart appears from out of thin air!
The magic dart hits you.
You die...

#######
#.....#
#....<#
#.....####
###.##.)@### #
#....#{..# #
#. ##..#####.#
#)##.# ###...#
.#
#.....##..o.##
.# #...(....#
.# #......#.#
.#
............#
.#
......>#....#
.#


There were no monsters in sight!

Vanquished Creatures
  2 adders
  A ribbon worm (D:2)
  2 orcs (D:3)
  4 ball pythons
  3 bats
  2 endoplasms
  3 giant cockroaches (D:1)
  3 goblins
  2 hobgoblins
  2 kobolds
  3 quokkas
  4 frilled lizards
  5 rats
36 creatures vanquished.

Notes
Turn   | Place    | Note
-------+----------+-------------------------------------------
     0 | D:1      | horus123 the Demonspawn Hedge Wizard began the quest for
                  | the Orb.
     0 | D:1      | Reached XP level 1. HP: 13/13 MP: 4/4
   454 | D:1      | Gained mutation: You have a pair of small antennae on your
                  | head. [demonic ancestry]
   454 | D:1      | Reached XP level 2. HP: 19/19 MP: 1/6
   679 | D:1      | Learned a level 2 spell: Call Imp
   682 | D:1      | Learned a level 2 spell: Blink
   684 | D:1      | Learned a level 1 spell: Slow
  1352 | D:2      | Reached XP level 3. HP: 24/24 MP: 1/7
  2491 | D:3      | Killed from afar by an orc wizard

Illustrated notes

Levels and vault maps discovered:
D:1:      roadster_arrival_rocket_small, layout_loops_corners
D:2:      layout_basic
D:3:      layout_rooms, nicolae_ashenzari_panopticon,
          ebering_ecumenical_altar_sacrificial

Skill      XL: |  1  2 |
---------------+-------+-----
Conjurations   | 2 3 |  3.8
Dodging        | |  1.7
Stealth        | |  1.7
Spellcasting   | |  3.0
Summonings     | |  1.0
Translocations | |  0.8

Action                     || total
---------------------------++-------
  Melee: Dagger            ||    24
         Long sword        ||     8
   Cast: Magic Dart        ||    92
 Armour: Robe              ||    23
  Dodge: Dodged            ||    23

Table legend: (Time is in decaauts)
 A = Elapsed time spent in this place.
 B = Non-inter-level travel time spent in this place.
 C = Inter-level travel time spent in this place.
 D = Time resting spent in this place.
 E = Time spent auto-exploring this place.
 F = Levels seen in this place.
 G = Mean time per level.
                   A        B        C        D        E       F      G
               +--------+--------+--------+--------+--------+-----+--------+
         Total |   2491 |   2448 |     43 |     47 |   2150 |   3 |  830.3 |
       Dungeon |   2491 |   2448 |     43 |     47 |   2150 |   3 |  830.3 |
               +--------+--------+--------+--------+--------+-----+--------+

Top non-repeatable levels by time:
     D:1: 1341 daAuts
     D:2: 1068 daAuts
     D:3: 82 daAuts
